 Dungeon Crawl Stone Soup version 0.26-a0-812-g31a745ddcd (webtiles) character file.

Game seed: 1366821110635480874

82 Morbidden the Conjurer (level 4, -5/32 HPs)
             Began as a Demonspawn Conjurer on Nov 14, 2020.
             Killed from afar by Sigmund (11 damage)
             ... with a puff of flame
             ... on level 2 of the Dungeon.
             The game lasted 00:04:17 (1902 turns).

Morbidden the Conjurer (Demonspawn Conjurer)        Turns: 1902, Time: 00:04:18

Health: -5/32      AC:  3    Str:  8    XL:     4   Next: 21%
Magic:  0/7        EV: 12    Int: 20    God:
Gold:   41         SH:  0    Dex: 11    Spells: 4/7 levels left

rFire    . . .     SeeInvis .   (no weapon)
rCold    . . .     Faith    .   (no shield)
rNeg     . . .     Spirit   +   a - +0 robe
rPois    .         Reflect  .   (no helmet)
rElec    .         Harm     .   (no cloak)
rCorr    .         Rampage  .   c - +0 pair of gloves
MR       .....                  (no boots)
Stlth    ++........             (no amulet)
HPRegen  0.10/turn              (no ring)
MPRegen  0.10/turn              (no ring)

@: no status effects
A: claws 1, magic shield
a: no special abilities


You were on level 2 of the Dungeon.
You visited 1 branch of the dungeon, and saw 2 of its levels.

You collected 41 gold pieces.

Inventory:

Armour
 a - a +0 robe (worn)
 c - a +0 pair of gloves (worn)
Scrolls
 b - a scroll of enchant weapon {unknown}
 d - 2 scrolls of teleportation {unknown}
 f - a scroll of identify {unknown}
 g - a scroll of amnesia {unknown}
Potions
 e - a potion of curing


   Skills:
 * Level 1.6 Fighting
 + Level 2.0 Dodging
 + Level 2.1 Stealth
 * Level 2.1 Spellcasting
 * Level 5.0 Conjurations


You had 4 spell levels left.
You knew the following spells:

 Your Spells              Type           Power        Failure   Level
a - Magic Dart            Conj           ###.         1%          1
b - Searing Ray           Conj           ###...       3%          2

Your spell library contained the following spells:

 Spells                   Type           Power        Failure   Level
 Dazzling Flash           Conj/Hex       ##....       17%         3
 Fulminant Prism          Conj/Hex       ##........   50%         4
 Iskenderun's Mystic Bla  Conj/Tloc      ##......     50%         4


Dungeon Overview and Level Annotations

Branches:
Dungeon (2/15)

Altars:

Annotations:
D:2 Natasha, Sigmund


Innate Abilities, Weirdness & Mutations

You have sharp fingernails.
When hurt, damage is shared between your health and your magic reserves.


Message History

You finish channeling your searing ray.
Sigmund hits you from afar with a +0 scythe!
Sigmund hits you from afar with a +0 scythe!
Unknown command.
Unknown command.
Sigmund hits you from afar with a +0 scythe!
* * * LOW HITPOINT WARNING * * *
Unknown command.
You feel better.
Sigmund hits you from afar with a +0 scythe.
* * * LOW HITPOINT WARNING * * *
Unknown command.
Unknown command.
Sigmund gestures at you while chanting. The magic dart hits you!
* * * LOW HITPOINT WARNING * * *
There is a stone staircase leading up, spattered with blood here.
Sigmund gestures at you while chanting. The puff of flame hits you!
You die...

#.# ##.##.# ...##
###...#.#
.♣...###...♣.'.#
.............#.#
#....>....###.####
##.....###......#
##.♣.##..###.#.#
###.....### #.#.#
#...†@....####...#
#.............#..###
..♣...###...♣.'..#
#...## ###@..#.##
.##'##### ##.##.#
.....>..## #.##.# .
#....# #....#
###....#####.###
..........@...#


You could see Sigmund.

Vanquished Creatures
  A worker ant (D:2)
  2 adders (D:1)
  An ooze (D:2)
  A dart slug (D:1)
  2 leopard geckos (D:1)
  2 bats (D:1)
  2 giant cockroaches
  3 hobgoblins (D:1)
  5 jackals (D:1)
  A ball python (D:1)
  5 goblins (D:1)
  4 rats
29 creatures vanquished.

Notes
Turn   | Place    | Note
-------+----------+-------------------------------------------
     0 | D:1      | Morbidden the Demonspawn Conjurer began the quest for the
                  | Orb.
     0 | D:1      | Reached XP level 1. HP: 13/13 MP: 3/3
   223 | D:1      | Gained mutation: When hurt, damage is shared between your
                  | health and your magic reserves. [demonic ancestry]
   223 | D:1      | Reached XP level 2. HP: 8/20 MP: 0/5
   491 | D:1      | Reached skill level 1 in Fighting
  1132 | D:1      | Reached XP level 3. HP: 26/26 MP: 2/6
  1399 | D:1      | Learned a level 2 spell: Searing Ray
  1439 | D:2      | Noticed Sigmund
  1462 | D:2      | Noticed Natasha
  1712 | D:2      | Reached skill level 5 in Conjurations
  1712 | D:2      | Gained mutation: You have sharp fingernails. [demonic
                  | ancestry]
  1712 | D:2      | Reached XP level 4. HP: 28/32 MP: 0/7
  1902 | D:2      | Killed from afar by Sigmund

Illustrated notes

Levels and vault maps discovered:
D:1:      nzn_arrival_depleted_hourglass, layout_loops_ring
D:2:      minmay_roachtagon, layout_basic, minmay_overflow_temple_star_hex,
          grunt_ministairs_13, makhleb_heckhound_becter, uniq_jessica,
          uniq_natasha, uniq_sigmund

Skill      XL: |  1  2  3  4 |
---------------+-------------+-----
Fighting       | 1 |  1.6
Stealth        | 2 |  2.1
Conjurations   | 5 |  5.0
Dodging        | 2 |  2.0
Spellcasting   | |  2.1

Action                   |  1- 3 |  4- 6 || total
-------------------------+-------+-------++-------
Melee: Unarmed           |    11 |     9 ||    20
 Cast: Magic Dart        |    60 |     2 ||    62
       Searing Ray       |     2 |     1 ||     3
  Use: Potion            |     1 |     1 ||     2
Armor: Robe              |    10 |     1 ||    11
Dodge: Dodged            |    37 |     8 ||    45

Table legend: (Time is in decaauts)
 A = Elapsed time spent in this place.
 B = Non-inter-level travel time spent in this place.
 C = Inter-level travel time spent in this place.
 D = Time resting spent in this place.
 E = Time spent auto-exploring this place.
 F = Levels seen in this place.
 G = Mean time per level.
                   A        B        C        D        E       F      G
               +--------+--------+--------+--------+--------+-----+--------+
         Total |   1905 |   1830 |     75 |    575 |    902 |   2 |  952.5 |
       Dungeon |   1905 |   1830 |     75 |    575 |    902 |   2 |  952.5 |
               +--------+--------+--------+--------+--------+-----+--------+

Top non-repeatable levels by time:
     D:1: 1651 daAuts
     D:2: 254 daAuts
